Map: Nightscape LE

Players

BLuENiGhT

  • Race: Zerg Zerg
  • Spawn Location: 7:00

Duffman

  • Race: Protoss Protoss
  • Spawn Location: 7:00

ShipRiteMike - Winner!

  • Race: Zerg Zerg
  • League: Platinum
  • Spawn Location: 1:00

StickLane - Winner!

  • Race: Protoss Protoss
  • League: Diamond
  • Spawn Location: 1:00

VOD

Have the link to the VOD?

Description

Time

  • Played on: May 1, 2023, 8:02 p.m.
  • Length: 5:58
Show
View Real Time Build Order
Export as new Build Order

BLuENiGhT Zerg 

Build Orders: Hatch First 

Get SALT Encoding   

  12  0:00  Drone  
  13  0:12  Overlord  
  13  0:16  Drone  
  14  0:30  Drone  
  14  0:31  Drone  
  14  0:35  Drone  
  17  0:56  Hatchery  
  16  0:57  Drone  
  17  1:08  Spawning Pool  
  16  1:11  Drone  
  16  1:15  Drone  
  16  1:18  Extractor  
  17  1:19  Drone  
  18  1:32  Drone  
  19  1:39  Overlord  
  19  1:55  Queen  
  19  1:56  Zergling x2  
  22  2:04  Drone  
  22  2:08  Queen  
  25  2:09  Drone  
  25  2:11  Drone  
  27  2:20  Metabolic Boost  
  27  2:21  Zergling x2  
  28  2:23  Zergling x2  
  28  2:29  Drone  
  30  2:34  Drone  
  31  2:50  Drone x2  
  33  3:05  Drone x3  
  35  3:07  Overlord x3  
  36  3:14  Overlord x2  
  35  3:26  Zergling x8  
  39  3:30  Drone  
  40  3:51  Zergling x2  
  40  3:52  Zergling x10  
  46  4:06  Zergling x6  
  46  4:07  Zergling x4  
  51  4:15  Baneling Nest  
  50  4:22  Hatchery  
  48  4:24  Zergling x2  
  48  4:25  Zergling x4  
  41  4:44  Zergling x2  
  36  4:49  Zergling x6  
  36  4:50  Zergling x8  
  40  5:13  Zergling x6  
  40  5:14  Zergling x2  
  34  5:24  Baneling x3  
  34  5:25  Baneling x5  
  32  5:28  Zergling x4  
Show
View Real Time Build Order
Export as new Build Order

Duffman Protoss 

Build Orders:  

Get SALT Encoding   

  12  0:00  Probe  
  13  0:12  Probe  
  14  0:22  Pylon  
  14  0:24  Probe  
  15  0:40  Probe (Chrono Boost)  
  16  0:43  Gateway  
  16  0:49  Probe (Chrono Boost), Assimilator  
  17  0:55  Probe  
  18  1:07  Probe (Chrono Boost), Pylon  
  19  1:13  Assimilator  
  19  1:17  Probe (Chrono Boost)  
  20  1:21  Probe (Chrono Boost)  
  21  1:34  Probe  
  22  1:49  Nexus  
  22  1:57  Cybernetics Core  
  22  2:01  Probe  
  23  2:08  Gateway  
  23  2:13  Probe (Chrono Boost)  
  24  2:25  Probe (Chrono Boost)  
  24  2:29  Pylon  
  25  2:32  Probe (Chrono Boost)  
  25  2:33  Warp Gate  
  26  2:39  Probe  
  27  2:45  Robotics Facility  
  27  2:51  Probe  
  28  3:03  Probe (Chrono Boost)  
  30  3:09  Probe (Chrono Boost)  
  31  3:13  Probe (Chrono Boost)  
  31  3:17  Probe (Chrono Boost)  
  31  3:18  Probe (Chrono Boost)  
  32  3:26  Nexus  
  33  3:28  Probe  
  33  3:30  Probe  
  33  3:33  Observer (Chrono Boost)  
  36  3:40  Probe  
  37  3:41  Assimilator  
  37  3:42  Probe  
  37  3:46  Gateway  
  38  3:48  Observer  
  38  3:52  Probe  
  40  4:00  Pylon  
  40  4:01  Probe  
  41  4:04  Probe  
  43  4:10  Observer  
  43  4:13  Probe  
  43  4:16  Probe  
  45  4:18  Shield Battery  
  45  4:22  Stalker x2  
  49  4:31  Probe x2  
  51  4:38  Robotics Bay  
  51  4:43  Probe  
  51  4:44  Stalker  
  54  4:51  Zealot  
  54  4:52  Zealot  
  51  5:08  Stalker  
  52  5:16  Stalker, Zealot  
  41  5:28  Probe x2  
  41  5:29  Probe  
  28  5:40  Probe  
  28  5:41  Probe x2  
Show
View Real Time Build Order
Export as new Build Order

ShipRiteMike Zerg - Winner!

Build Orders: Hatch First 

Get SALT Encoding   

  12  0:01  Drone  
  13  0:12  Overlord  
  13  0:17  Drone  
  14  0:30  Drone x2  
  16  0:50  Hatchery  
  16  0:53  Drone  
  17  0:57  Drone  
  17  1:00  Drone  
  18  1:05  Extractor  
  17  1:12  Drone  
  18  1:21  Spawning Pool  
  18  1:25  Drone  
  18  1:29  Drone  
  19  1:38  Drone  
  19  1:39  Evolution Chamber  
  19  1:49  Drone  
  21  2:01  Drone  
  21  2:02  Drone  
  22  2:08  Zerg Melee Weapons Level 1  
  22  2:09  Queen  
  24  2:17  Queen  
  24  2:20  Zergling x2  
  27  2:34  Zergling x2  
  28  2:41  Metabolic Boost  
  28  3:04  Hatchery  
  27  3:08  Zergling x2  
  28  3:14  Overlord  
  28  3:15  Overlord  
  28  3:33  Zergling x16  
  36  3:38  Queen  
  38  3:46  Zergling x8  
  43  3:48  Drone  
  43  3:53  Zergling x2  
  44  4:05  Overlord x2  
  44  4:16  Zergling x8  
  48  4:20  Zergling x4  
  48  4:23  Zergling x2  
  50  4:29  Zergling x2  
  50  4:32  Zergling x4  
  49  4:40  Zergling x4  
  49  4:42  Zergling x4  
  49  4:43  Zergling x8  
  56  4:47  Zergling x2  
  56  4:50  Zergling x2  
  56  4:57  Zergling x2  
  56  4:58  Zergling x2  
  55  5:00  Zergling x2  
  55  5:05  Drone  
  56  5:07  Zergling x2  
  56  5:10  Zergling x2  
  56  5:11  Zergling x6  
  58  5:16  Zergling x2  
  58  5:19  Zergling x2  
  56  5:21  Zergling x2  
  56  5:27  Zergling x2  
  57  5:31  Zergling x2  
  57  5:33  Zergling x2  
  56  5:39  Zergling x2  
Show
View Real Time Build Order
Export as new Build Order

StickLane Protoss - Winner!

Build Orders: 1 Gate Expand, Colossus Rush 

Get SALT Encoding   

  12  0:00  Probe  
  13  0:12  Probe  
  14  0:18  Pylon  
  14  0:24  Probe  
  15  0:36  Probe (Chrono Boost)  
  15  0:39  Gateway  
  16  0:44  Assimilator  
  16  0:48  Probe (Chrono Boost)  
  17  0:53  Probe (Chrono Boost)  
  18  1:04  Probe  
  19  1:16  Probe  
  20  1:31  Assimilator  
  20  1:35  Probe  
  20  1:39  Nexus  
  21  1:49  Cybernetics Core  
  21  1:56  Probe  
  22  2:08  Probe  
  22  2:15  Pylon  
  23  2:33  Probe  
  23  2:34  Shield Battery, Stalker (Chrono Boost)  
  26  2:38  Warp Gate  
  26  2:45  Probe  
  26  2:50  Robotics Facility  
  27  2:54  Probe  
  27  2:56  Stalker  
  27  2:57  Probe  
  31  3:06  Probe  
  31  3:10  Probe (Chrono Boost)  
  33  3:14  Pylon  
  33  3:18  Probe (Chrono Boost)  
  34  3:22  Probe (Chrono Boost)  
  36  3:28  Probe (Chrono Boost)  
  36  3:30  Probe (Chrono Boost)  
  36  3:31  Pylon  
  36  3:33  Probe (Chrono Boost)  
  37  3:35  Probe  
  37  3:38  Observer  
  40  3:42  Robotics Bay  
  40  3:44  Probe  
  40  3:47  Gateway  
  41  3:50  Probe (Chrono Boost)  
  41  3:52  Pylon  
  41  3:54  Sentry  
  44  3:56  Probe (Chrono Boost)  
  44  4:02  Probe (Chrono Boost), Assimilator  
  46  4:05  Observer  
  46  4:06  Probe (Chrono Boost)  
  46  4:07  Assimilator  
  46  4:08  Probe (Chrono Boost)  
  49  4:11  Probe (Chrono Boost)  
  49  4:15  Probe  
  51  4:23  Probe  
  52  4:27  Probe  
  52  4:28  Colossus (Chrono Boost)  
  53  4:35  Probe  
  53  4:37  Stalker  
  62  4:40  Probe  
  63  4:47  Probe  
  63  4:49  Forge  
  63  4:50  Gateway  
  63  4:52  Probe  
  65  5:03  Probe  
  66  5:12  Nexus  
  66  5:15  Probe x2  
  68  5:25  Stalker  
  70  5:29  Pylon  
  70  5:33  Pylon  
  70  5:38  Pylon  
  70  5:42  Pylon  
  70  5:44  Pylon  
Tags
 
Add a new tag
Caveats
  • Supply blocks, unpowered buildings, or Contaminate may cause inaccurate times.
  • Supply counts are checked every 10 seconds.